 Dungeon Crawl Stone Soup version 0.27.1 (webtiles) character file.

Game seed: 10102148327200015553

30 Mesmaeker13 the Stinger (level 3, 0/28 HPs)
             Began as a Naga Venom Mage on Aug 21, 2021.
             Succumbed to an adder's poison
             ... on level 2 of the Dungeon.
             The game lasted 00:01:24 (1199 turns).

Mesmaeker13 the Stinger (Naga Venom Mage)           Turns: 1199, Time: 00:01:25

Health: 0/28       AC:  2    Str: 10    XL:     3   Next: 18%
Magic:  1/6        EV: 10    Int: 16    God:
Gold:   12         SH:  0    Dex: 11    Spells: 3/6 levels left

rFire    . . .     SeeInvis +   e - +0 morningstar
rCold    . . .     Faith    .   (no shield)
rNeg     . . .     Spirit   .   a - +0 robe
rPois    +         Reflect  .   (no helmet)
rElec    .         Harm     .   (no cloak)
rCorr    .         Rampage  .   (no gloves)
Will     .....                  (no barding)
Stlth    ++........             (no amulet)
HPRegen  0.09/turn              (no ring)
MPRegen  0.10/turn              (no ring)

@: brilliant, lethally poisoned (0 -> -12), very slow
A: AC +1, large, see invisible, deformed body, poison resistance, slowness 2,
spit poison 1, naga tail 1
a: Spit Poison


You were on level 2 of the Dungeon.
You visited 1 branch of the dungeon, and saw 2 of its levels.

You collected 12 gold pieces.

Inventory:

Hand Weapons
 e - a +0 morningstar (weapon)
Armour
 a - a +0 robe (worn)
Scrolls
 b - a scroll of enchant armour {unknown}
 c - a scroll of amnesia {unknown}


   Skills:
 + Level 2.0 Dodging
 - Level 3.0 Stealth
 - Level 2.1 Spellcasting
 + Level 1.6 Transmutations
 + Level 0.7 Air Magic
 + Level 4.4 Poison Magic


You had 3 spell levels left.
You knew the following spells:

 Your Spells              Type           Power      Damage    Failure   Level
a - Sting                 Tmut/Pois      68%        1d6       6%          1
b - Poisonous Vapours     Pois/Air       30%        N/A       11%         2

Your spell library contained the following spells:

 Spells                   Type           Power      Damage    Failure   Level
 Pain                     Necr           8%         1d4       21%         1
 Mephitic Cloud           Conj/Pois/Air  10%        N/A       30%         3
 Olgreb's Toxic Radiance  Pois           24%        N/A       32%         4
 Agony                    Necr           2%         N/A       99%         5
 Excruciating Wounds      Necr           1%         N/A       99%         5


Dungeon Overview and Level Annotations

Branches:
Dungeon (2/15)

Altars:

Shops:
D:1 [


Innate Abilities, Weirdness & Mutations

Your serpentine skin is tough. (AC +1)
You have supernaturally acute eyesight. (SInv)
Armour fits poorly on your strangely shaped body.
Your system is resistant to poisons. (rPois)
You cover ground very slowly.
You can spit poison.
You have a snake-like lower body.


Message History

Aiming: Sting (safe; 6% risk of failure)
Press: ? - help, Shift-Dir - straight line, f/p - adder
Aim: an adder (53% to hit)
The sting misses the adder.
The adder bites you.
You are poisoned.
The adder poisons you!
Casting: Sting (safe; 6% risk of failure)
Confirm with . or Enter, or press ? or * to list all spells.
Aiming: Sting (safe; 6% risk of failure)
Press: ? - help, Shift-Dir - straight line, f/p - adder
Aim: an adder (53% to hit)
The sting hits the adder.
The adder is poisoned.
The adder is heavily wounded.
You feel sick. The adder bites you.
You closely miss the adder.
The adder is heavily wounded.
You feel sick. The adder closely misses you. The adder bites you.
Casting: Sting (safe; 6% risk of failure)
Confirm with . or Enter, or press ? or * to list all spells.
You don't have enough magic to cast this spell.
You miss the adder.
The adder is heavily wounded.
You feel sick. The adder completely misses you. The adder bites you.
You are more poisoned.
The adder poisons you!
You closely miss the adder.
The adder is heavily wounded.
You feel sick. The adder bites you.
* * * LOW HITPOINT WARNING * * *
The adder bites you but does no damage.
You hit the adder.
The adder is severely wounded.
You feel sick. The adder closely misses you. The adder bites you.
* * * LOW HITPOINT WARNING * * *
You are more poisoned.
The adder poisons you!
Your magical contamination has completely faded away.
It was a potion of brilliance.
You feel clever all of a sudden.
You die...

#.......##....##........##
#.##....#####[##........#
#.##.#)....##.##........#
#.#....###.##...........#
#.<.#..# #..............###
#..##..###...........>....#
#...........ā‰ˆ.....#####...#
#............Sā‰ˆ...## #...#
#....##...)..@...ā‰ˆ## #...#
....###..#....ā€ ....# #...#
...... .....#....##.# #####
...#.#. #.## ##...##.# .
......#.# ...#..#....
######..... ...... .##.##


You could see an adder (poisoned).

Vanquished Creatures
  2 adders (D:2)
  A ball python (D:1)
  4 bats
  2 endoplasms (D:1)
  2 frilled lizards
  A kobold (D:2)
  A rat (D:1)
13 creatures vanquished.

Vanquished Creatures (others)
  5 plants (D:2)
5 creatures vanquished.

Grand Total: 18 creatures vanquished

Notes
Turn   | Place    | Note
-------+----------+-------------------------------------------
     0 | D:1      | Mesmaeker13 the Naga Venom Mage began the quest for the
                  | Orb.
     0 | D:1      | Reached XP level 1. HP: 15/15 MP: 3/3
   315 | D:1      | Found Coomaroq's Armour Shoppe.
   644 | D:1      | Reached XP level 2. HP: 21/22 MP: 1/5
  1023 | D:2      | Learned a level 2 spell: Poisonous Vapours
  1093 | D:2      | Reached XP level 3. HP: 28/28 MP: 3/6
  1199 | D:2      | Succumbed to an adder's poison

Illustrated notes

Levels and vault maps discovered:
D:1:      erik_arrival_cave_to_civilisation [erik_arrival_cave_to_hall],
          layout_loops_ring, serial_shops, nicolae_shop_crystal,
          minmay_shallow_snake_nest
D:2:      layout_rooms, serial_shops, nicolae_shop_statue_plus, serial_rivers,
          chequers_serial_rivers_room_b, chequers_serial_rivers_large_b,
          chequers_serial_rivers_room_a, chequers_serial_rivers_micro_c,
          chequers_serial_rivers_room_a, chequers_serial_rivers_small_b,
          serial_bayou_pond_c

Skill      XL: |  1  2 |
---------------+-------+-----
Dodging        | 2 |  2.0
Stealth        | |  3.0
Spellcasting   | |  2.1
Transmutations | |  1.6
Air Magic      | |  0.7
Poison Magic   | |  4.4

Action                   || total
-------------------------++-------
Melee: Unarmed           ||     2
       Morningstar       ||    10
 Cast: Sting             ||    25
       Poisonous Vapours ||     2
  Use: Potion            ||     1
Armor: Robe              ||     7
Dodge: Dodged            ||    16
